 Dungeon Crawl Stone Soup version 0.30-a0-29-g142975f185 (webtiles) character file.

Game seed: 4448532903771476548

14 xian the Charlatan (level 2, -2/20 HPs)
             Began as a Draconian Wanderer on Aug 26, 2022.
             Succumbed to a gnoll's poison
             ... on level 2 of the Dungeon.
             The game lasted 00:01:23 (764 turns).

xian the Charlatan (Draconian Wanderer)              Turns: 764, Time: 00:01:24

Health: -2/20      AC:  4    Str: 14    XL:     2   Next: 27%
Magic:  3/3        EV: 11    Int:  9    God:
Gold:   33         SH:  0    Dex: 13    Spells: 1/1 levels left

rFire   . . .      SeeInvis .    a - +0 quarterstaff
rCold   . . .      Faith    .    (shield currently unavailable)
rNeg    . . .      Spirit   .    (body armour unavailable)
rPois   .          Reflect  .    (helmet restricted)
rElec   .          Harm     .    (no cloak)
rCorr   .          Rampage  .    (no gloves)
Will    .....                    (no boots)
Stlth   +.........               (no amulet)
HPRegen 0.06/turn                (no ring)
MPRegen 0.08/turn                (no ring)

@: lethally poisoned (-2 -> -16)
A: AC +4, unfitting armour, cold-blooded
a: no special abilities


You were on level 2 of the Dungeon.
You visited 1 branch of the dungeon, and saw 2 of its levels.

You collected 33 gold pieces.

Inventory:

Hand Weapons
 a - a +0 quarterstaff (weapon)
Missiles
 g - 3 poisoned darts
Wands
 b - a wand of polymorph (16) (quivered)
Scrolls
 d - a scroll of blinking
 e - 2 scrolls of identify {unknown}
Potions
 c - a potion of lignification
 f - a potion of curing
 h - a potion of might {unknown}
 i - a potion of resistance {unknown}


   Skills:
 + Level 2.2 Staves
 + Level 1.9 Throwing
 + Level 2.0 Invocations
 + Level 4.4 Evocations


You had one spell level left.
You didn't know any spells.
Your spell library was empty.

Dungeon Overview and Level Annotations

Branches:
Dungeon (2/15)

Altars:

Annotations:
D:2 Natasha


Innate Abilities, Weirdness & Mutations

Your plain brown scales are hard. (AC +4)
You cannot fit into any form of body armour.
You are cold-blooded and may be slowed by cold attacks.


Message History

The crimson imp blinks!
You closely miss the frilled lizard. The giant cockroach bites you.
Natasha howls an incantation.
You feel disoriented.
Natasha casts a spell.
The frilled lizard misses you. The giant cockroach closely misses you.
The frilled lizard bites you but does no damage.
The gnoll closely misses you.
You miss the frilled lizard.
The gnoll shouts! x2
Your tail-slap misses the frilled lizard.
The giant cockroach barely misses you.
The giant cockroach completely misses you.
The gnoll hits you with a +0 whip! The frilled lizard barely misses you.
The crimson imp blinks!
The gnoll hits you with a +0 whip!
* * * LOW HITPOINT WARNING * * *
The giant cockroach bites you.
* * * LOW HITPOINT WARNING * * *
The frilled lizard closely misses you.
A gnoll comes into view. It is wielding a +0 flail.
It was a potion of curing.
You feel better.
Natasha growls.
The giant cockroach waves its antennae.
The giant cockroach closely misses you. The gnoll closely misses you.
The gnoll hits you with a +0 whip. The frilled lizard barely misses you.
You barely miss the frilled lizard. The giant cockroach bites you.
The gnoll hits you from afar with a +1 spear of venom.
* * * LOW HITPOINT WARNING * * *
You are lethally poisoned!
The gnoll barely misses you. x2; The frilled lizard closely misses you.
The crimson imp blinks!
The giant cockroach barely misses you.
The gnoll hits you from afar with a +1 spear of venom.
* * * LOW HITPOINT WARNING * * *
You are more poisoned.
The frilled lizard barely misses you. The gnoll closely misses you.
The gnoll barely misses you. The giant cockroach closely misses you.
You miss the frilled lizard.
You tail-slap the frilled lizard, but do no damage.
You feel yourself speed up.
You die...

.. ... .... ###
....## #.# ....#
#.# ...
#ยง.####l####...
....##.BhBB@gg....#
......55####gg..###
###......# ....#
#....#.# ##.##
......##BBB.# ..#
###.## .B....# .#
... .....!B.# . .##
#.?......# ..
#.?(!....#


You could see Natasha, 4 gnolls, a crimson imp (summoned), a shadow imp
(summoned), 3 giant cockroaches and a frilled lizard.

Vanquished Creatures
  4 ball pythons (D:1)
  2 giant cockroaches
  A hobgoblin (D:1)
  A kobold (D:1)
  2 bats (D:1)
  A frilled lizard (D:1)
  A goblin (D:1)
  A rat (D:1)
13 creatures vanquished.

Notes
Turn   | Place    | Note
-------+----------+-------------------------------------------
     0 | D:1      | xian the Draconian Wanderer began the quest for the Orb.
     0 | D:1      | xian set off with the following items: a +0 quarterstaff, a
                  | wand of polymorph (16), a potion of lignification, a scroll
                  | of blinking.
     0 | D:1      | Reached XP level 1. HP: 14/14 MP: 2/2
   379 | D:1      | Reached XP level 2. HP: 17/20 MP: 3/3
   752 | D:2      | Noticed Natasha
   754 | D:2      | Noticed a crimson imp
   761 | D:2      | Noticed a crimson imp
   764 | D:2      | Succumbed to a gnoll's poison

Illustrated notes

Levels and vault maps discovered:
D:1:      eino_arrival_druids_welcome, layout_rooms
D:2:      minmay_roachtagon, layout_rooms, uniq_jessica, uniq_natasha

Action                   || total
-------------------------++-------
Melee: Quarterstaff      ||    44
       Tailslap          ||     4
  Use: Potion            ||     1
Armor: Skin              ||    24
Dodge: Dodged            ||    64

Table legend: (Time is in decaauts)
 A = Elapsed time spent in this place.
 B = Non-inter-level travel time spent in this place.
 C = Inter-level travel time spent in this place.
 D = Time resting spent in this place.
 E = Time spent auto-exploring this place.
 F = Levels seen in this place.
 G = Mean time per level.
                   A        B        C        D        E       F      G
               +--------+--------+--------+--------+--------+-----+--------+
         Total |    776 |    776 |      0 |      0 |    579 |   2 |  388.0 |
       Dungeon |    776 |    776 |      0 |      0 |    579 |   2 |  388.0 |
               +--------+--------+--------+--------+--------+-----+--------+

Top non-repeatable levels by time:
     D:1: 757 daAuts
     D:2: 19 daAuts
